[Event "SVK ECo-C Extraliga 2018-19"]
[Site "Slovakia"]
[Date "2018.11.10"]
[Round "1"]
[White "Hanko, Pavol"]
[Black "Federic, Jozef"]
[Result "1-0"]
[ECO "D58"]
[WhiteElo "2086"]
[BlackElo "2213"]
[Annotator "NA"]
[PlyCount "259"]
[EventDate "2018.11.10"]
[EventType "team-tourn"]
[EventCountry "SVK"]
[SourceTitle "playchess.com"]
[Source "ChessBase"]
[SourceQuality "1"]
[WhiteTeam "Dunajov"]
[BlackTeam "Modra"]
[TimeControl "40/5400+30:1800+30"]

1. d4 d5 2. Nf3 Nf6 3. c4 e6 4. Bg5 Be7 5. e3 O-O 6. Nc3 h6 7. Bh4 b6 8. Be2 Bb7 9. Bxf6 Bxf6 10. cxd5 exd5 11. b4 c5 12. bxc5 bxc5 13. Rb1 Bc6 {[%emt 0:08:46] D58: Queen's Gambit Declined: Tartakower Defence} 14. O-O {[%emt 0:01:36] LiveBook: 88 Games} Qa5 (14... Nd7 15. Bb5 Qc7 16. Qd2 Rab8 17. Bxc6 Qxc6 18. dxc5 Bxc3 19. Qxc3 Qxc5 20. Qxc5 Nxc5 21. Nd4 Rfc8 22. g3 Ne4 23. Rb3 Nd2 24. Rxb8 Rxb8 {½-½ (47) Izoria,Z (2599)-Onischuk,A (2672) Saint Louis 2018}) 15. Qd2 c4 16. e4 $1 $146 ({Predecessor:} 16. Rfc1 Nd7 17. e4 dxe4 18. Nxe4 Qf5 19. Nd6 Qg6 20. Nxc4 Be4 21. Rb3 Bxf3 22. Bxf3 {1-0 (49) Hanko,P (2179)-Hacik,R (2176) Slovakia 2011}) 16... dxe4 {[%emt 0:02:34] [#]} 17. Nxe4 $1 Bd8 18. Nc3 ({White should play} 18. Qe3 $16) 18... Na6 (18... Bf6 $11) 19. Ne5 Rc8 20. Nxc4 ({White should play} 20. Bxc4 $18 Bf6 21. Rfe1) 20... Qc7 (20... Qg5 $16 21. Ne3 Qa5) 21. d5 (21. Ne5 $18 Ba8 22. Rfc1 (22. Bxa6 Qxc3 23. Qe2 Rc7 $16)) 21... Ba8 22. Nb5 Qc5 23. Ne3 Bg5 24. Rfd1 Rcd8 25. Nc3 (25. Bf3 $16) 25... Nc7 26. Bf3 Qa5 27. Nb5 Qb6 28. Qd4 $2 (28. Nxc7 $16 Qxc7 29. d6) 28... Bxe3 29. fxe3 Nxd5 30. Nxa7 Qxd4 31. Rxd4 Nxe3 32. Rxd8 Rxd8 33. Nc6 Re8 34. a4 Nc4 35. Rd1 Bxc6 36. Bxc6 Re5 37. Bb5 Na5 38. Kf2 f5 39. Rd8+ Kh7 40. Ra8 Nb3 41. Bd3 h5 42. Rb8 Nd4 43. Rb4 Ne6 44. Rb5 Nc5 45. Bc2 Kg6 46. h4 Kf6 47. Kf3 Rd5 48. Rb6+ Ke5 49. Rg6 Rd2 50. Bxf5 Nxa4 51. Bh3 Rd3+ 52. Ke2 Rd4 53. Rg5+ $11 Kf6 54. Rxh5 Re4+ 55. Kf3 Re5 56. Rh8 Nc5 57. Ra8 Nd3 58. Ra6+ Kf7 59. g3 Ne1+ 60. Kg4 Nd3 61. Bf1 Nc5 62. Rc6 Ne4 63. Bc4+ Ke8 64. Kf4 Re7 65. Bd3 Nf6 66. g4 Ra7 67. Kg5 Rd7 68. Bf5 Rd4 69. h5 Nd5 70. Ra6 Ne7 71. Be6 Kd8 72. h6 gxh6+ 73. Kxh6 Rd2 74. Kg5 Rf2 75. Bf5 Ke8 76. Be6 Kf8 77. Ra8+ Kg7 78. Re8 Nc6 79. Rg8+ Kh7 80. Rc8 Ne5 81. Rc7+ Kh8 82. Bf5 Kg8 83. Re7 Nxg4 84. Bxg4 Kf8 85. Re1 Kg7 86. Ra1 Rf7 87. Be6 Rc7 88. Ra8 Rc5+ 89. Bf5 Rc7 90. Ra6 Kf8 91. Rh6 Ke7 92. Re6+ Kd8 93. Kf6 Rc5 94. Ra6 Kc7 95. Ra2 Kb6 96. Bd7 Rc1 97. Rd2 Re1 98. Be6 Kc5 99. Ke7 Re3 100. Rd5+ Kb4 101. Kd6 Kc3 102. Bf5 Kb4 103. Rd4+ Kc3 104. Kd5 Rf3 105. Be4 Rg3 106. Rc4+ Kd2 107. Kd4 Ra3 108. Rc2+ Ke1 109. Bd3 Ra7 110. Ke3 Kd1 111. Rd2+ Kc1 112. Rc2+ Kd1 113. Rb2 Rc7 114. Kd4 Kc1 115. Rh2 Ra7 116. Bc4 Ra3 117. Rg2 Kb1 118. Kc5 Kc1 119. Kb4 Re3 120. Bd5 Rd3 121. Kc4 Rd2 122. Rg8 Rh2 123. Be4 Rf2 124. Kc3 Rc2+ 125. Kd3 Rd2+ 126. Ke3 Rd1 127. Rb8 Re1+ 128. Kd3 Rg1 129. Kc3 Kd1 130. Rb1+ 1-0

[Event "SVK ECo-C Extraliga 2018-19"]
[Site "Slovakia"]
[Date "2018.11.11"]
[Round "2"]
[White "Miton, Kamil"]
[Black "Vykouk, Jan"]
[Result "1/2-1/2"]
[ECO "C02"]
[WhiteElo "2590"]
[BlackElo "2423"]
[Annotator "ChessBase"]
[PlyCount "67"]
[EventDate "2018.11.10"]
[EventType "team-tourn"]
[EventCountry "SVK"]
[SourceTitle "playchess.com"]
[Source "ChessBase"]
[SourceQuality "1"]
[WhiteTeam "Dunajov"]
[BlackTeam "Osuske"]
[TimeControl "40/5400+30:1800+30"]

1. d4 e6 2. e4 d5 3. e5 c5 4. c3 Nc6 5. Nf3 Qb6 6. a3 cxd4 7. cxd4 Nge7 8. Nc3 Bd7 9. Na4 Qc7 10. Bd3 Nf5 11. Bxf5 exf5 12. O-O Be6 13. b4 h6 14. Bd2 Be7 15. Rc1 a6 16. Ne1 O-O 17. Nd3 Rfc8 18. Nf4 Qd8 19. Be3 g5 20. Nxe6 fxe6 21. Qh5 Kg7 22. f4 Qe8 23. Qd1 Rc7 24. fxg5 hxg5 25. Rc3 Qg6 26. Nc5 Bxc5 27. bxc5 g4 28. Qd2 Rh8 29. Rb3 Rh7 30. Bg5 Kf8 31. Bf6 Qh6 32. Qxh6+ Rxh6 33. Rfb1 Rhh7 34. Rd3 1/2-1/2

[Event "SVK ECo-C Extraliga 2018-19"]
[Site "Slovakia"]
[Date "2018.11.11"]
[Round "2"]
[White "Michalik, Peter"]
[Black "Motuz, Karol"]
[Result "1/2-1/2"]
[ECO "C00"]
[WhiteElo "2564"]
[BlackElo "2367"]
[Annotator "ChessBase"]
[PlyCount "40"]
[EventDate "2018.11.10"]
[EventType "team-tourn"]
[EventCountry "SVK"]
[SourceTitle "playchess.com"]
[Source "ChessBase"]
[SourceQuality "1"]
[WhiteTeam "Modra"]
[BlackTeam "Dubnica"]
[TimeControl "40/5400+30:1800+30"]

1. e4 e6 2. Qe2 c5 3. Nf3 Nc6 4. g3 g6 5. Na3 Bg7 6. Bg2 Nge7 7. O-O O-O 8. c3 d5 9. e5 Nf5 10. d3 h6 11. Nc2 b6 12. b4 cxb4 13. cxb4 b5 14. Bb2 Bd7 15. Rac1 a5 16. Bc3 Qe7 17. g4 axb4 18. Be1 Nh4 19. Nxh4 Qxh4 20. Nxb4 Nd4 1/2-1/2

[Event "SVK ECo-C Extraliga 2018-19"]
[Site "Slovakia"]
[Date "2018.11.11"]
[Round "2"]
[White "Jurcik, Marian"]
[Black "Mikrut, Dariusz"]
[Result "1/2-1/2"]
[ECO "C85"]
[WhiteElo "2453"]
[BlackElo "2372"]
[Annotator "ChessBase"]
[PlyCount "84"]
[EventDate "2018.11.10"]
[EventType "team-tourn"]
[EventCountry "SVK"]
[SourceTitle "playchess.com"]
[Source "ChessBase"]
[SourceQuality "1"]
[WhiteTeam "Zilina"]
[BlackTeam "Prakovce"]
[TimeControl "40/5400+30:1800+30"]

1. e4 e5 2. Nf3 Nc6 3. Bb5 a6 4. Ba4 Nf6 5. O-O Be7 6. Bxc6 dxc6 7. d3 Nd7 8. Nc3 O-O 9. Kh1 Bd6 10. Bg5 f6 11. Be3 Nc5 12. Nh4 g6 13. g3 Ne6 14. Ne2 c5 15. f4 Nd4 16. Nxd4 cxd4 17. fxe5 Bxe5 18. Bh6 Rf7 19. Nf3 Bg4 20. Qd2 Bxf3+ 21. Rxf3 Qd7 22. Raf1 c5 23. b3 Re8 24. Qg2 b5 25. g4 c4 26. g5 cxd3 27. cxd3 Re6 28. h4 Rc6 29. h5 f5 30. exf5 Rxf5 31. Rxf5 gxf5 32. Rxf5 Rc1+ 33. Rf1 Rxf1+ 34. Qxf1 Qc6+ 35. Kg1 Bg7 36. Bxg7 Kxg7 37. Qf5 Qc1+ 38. Kf2 Qe3+ 39. Kf1 Qc1+ 40. Ke2 Qe3+ 41. Kd1 Qg1+ 42. Kc2 Qh2+ 1/2-1/2

[Event "SVK ECo-C Extraliga 2018-19"]
[Site "Slovakia"]
[Date "2018.11.11"]
[Round "2"]
[White "Pechac, Jergus"]
[Black "Zilka, Stepan"]
[Result "1-0"]
[ECO "D30"]
[WhiteElo "2449"]
[BlackElo "2530"]
[Annotator "ChessBase"]
[PlyCount "65"]
[EventDate "2018.11.10"]
[EventType "team-tourn"]
[EventCountry "SVK"]
[SourceTitle "playchess.com"]
[Source "ChessBase"]
[SourceQuality "1"]
[WhiteTeam "Zilina"]
[BlackTeam "Prakovce"]
[TimeControl "40/5400+30:1800+30"]

1. d4 d5 2. c4 e6 3. Nf3 a6 4. Bg5 Be7 5. Bxe7 Qxe7 6. e3 Nf6 7. Nc3 O-O 8. Qc2 Nbd7 9. Rd1 dxc4 10. Bxc4 b5 11. Be2 Bb7 12. O-O c5 13. a3 Rac8 14. Qb1 h6 15. h3 Rfd8 16. dxc5 Nxc5 17. Rxd8+ Qxd8 18. Rd1 Qb6 19. Nd2 Qc6 20. Bf3 Qc7 21. Bxb7 Nxb7 22. Nde4 Nxe4 23. Qxe4 Nd6 24. Qd4 Nc4 25. Ne4 f5 26. Ng3 Qe5 27. Qd7 Rf8 28. Nh5 Nb6 29. Qe7 Nc8 30. Qb7 f4 31. Nxf4 Qxb2 32. Nxe6 Nd6 33. Rxd6 1-0

[Event "SVK ECo-C Extraliga 2018-19"]
[Site "Slovakia"]
[Date "2018.11.11"]
[Round "2"]
[White "Bagi, Mate"]
[Black "Likavsky, Tomas"]
[Result "1-0"]
[ECO "B53"]
[WhiteElo "2444"]
[BlackElo "2430"]
[Annotator "NA"]
[PlyCount "57"]
[EventDate "2018.11.10"]
[EventType "team-tourn"]
[EventCountry "SVK"]
[SourceTitle "playchess.com"]
[Source "ChessBase"]
[SourceQuality "1"]
[WhiteTeam "Streda"]
[BlackTeam "Podhajska"]
[TimeControl "40/5400+30:1800+30"]

1. e4 c5 2. Nf3 d6 3. d4 cxd4 4. Qxd4 Nc6 5. Bb5 a6 6. Bxc6+ bxc6 7. c4 c5 8. Qd3 g6 9. Nc3 Bg7 10. O-O Bb7 11. Rd1 Rc8 12. Rb1 Ba8 13. h3 f6 14. Nd5 Nh6 15. b4 cxb4 16. Nd4 Kf7 17. Rxb4 Re8 18. Be3 e5 19. Ne2 Ng8 20. Qb3 Re6 21. c5 Bf8 22. Nb6 Rb8 23. Nxa8 Rxb4 24. Qxb4 Qxa8 25. cxd6 Qc6 26. Bc5 f5 27. d7 Bxc5 28. d8=N+ Kf6 29. Nxc6 1-0

[Event "SVK ECo-C Extraliga 2018-19"]
[Site "Slovakia"]
[Date "2018.11.11"]
[Round "2"]
[White "Mrva, Martin"]
[Black "Hrabusa, Matej"]
[Result "0-1"]
[ECO "A06"]
[WhiteElo "2430"]
[BlackElo "2398"]
[Annotator "NA RC"]
[PlyCount "86"]
[EventDate "2018.11.10"]
[EventType "team-tourn"]
[EventCountry "SVK"]
[SourceTitle "playchess.com"]
[Source "ChessBase"]
[SourceQuality "1"]
[WhiteTeam "Snina"]
[BlackTeam "Liptovska"]
[TimeControl "40/5400+30:1800+30"]

1. Nf3 d5 2. g3 Nf6 3. Bg2 e6 4. O-O c5 5. c4 dxc4 6. Qa4+ Bd7 7. Qxc4 Bc6 {[%emt 0:01:58] LiveBook: 44 Games} 8. Re1 Be7 9. e4 Nbd7 10. Nc3 Rc8 11. Qe2 O-O (11... c4 $5) 12. d4 Re8 13. Rd1 b6 14. dxc5 Bxc5 {[%emt 0:01:26] [#]} 15. Ne5 $1 Ba8 16. Nb5 a6 17. Bg5 Nxe5 18. Rxd8 Rexd8 $16 19. Nc3 Rd3 20. Rd1 Rcd8 21. Rxd3 Rxd3 22. Bxf6 gxf6 23. Kh1 Rd8 24. Bf1 f5 25. Qh5 f6 26. f3 b5 27. a3 Kg7 28. Be2 Rd2 29. Qe8 Bc6 30. Qxe6 fxe4 31. f4 e3+ 32. Kg1 Nf3+ 33. Kf1 Nxh2+ 34. Ke1 Nf3+ 35. Kf1 Bd7 36. Qxd7+ Rxd7 37. Bxf3 Rd2 38. Nd1 Bd4 39. b3 Ra2 40. a4 bxa4 41. bxa4 Rxa4 42. Ke2 Ra2+ 43. Kd3 Rd2+ {[%emt 0:00:16] Kxd4} 0-1

[Event "SVK ECo-C Extraliga 2018-19"]
[Site "Slovakia"]
[Date "2018.11.11"]
[Round "2"]
[White "Piesik, Piotr"]
[Black "Stohl, Igor"]
[Result "1/2-1/2"]
[ECO "A05"]
[WhiteElo "2407"]
[BlackElo "2503"]
[Annotator "ChessBase"]
[PlyCount "54"]
[EventDate "2018.11.10"]
[EventType "team-tourn"]
[EventCountry "SVK"]
[SourceTitle "playchess.com"]
[Source "ChessBase"]
[SourceQuality "1"]
[WhiteTeam "Dubnica"]
[BlackTeam "Modra"]
[TimeControl "40/5400+30:1800+30"]

1. Nf3 Nf6 2. g3 g6 3. Bg2 Bg7 4. O-O O-O 5. d4 d5 6. c4 dxc4 7. Na3 c5 8. Nxc4 Be6 9. b3 Nc6 10. Bb2 cxd4 11. Nxd4 Nxd4 12. Qxd4 Qxd4 13. Bxd4 Nd5 14. Bxg7 Kxg7 15. Bxd5 Bxd5 16. Ne3 Be6 17. Rfc1 Rfc8 18. Kf1 a5 19. Rxc8 Rxc8 20. Ke1 Kf6 21. Rb1 g5 22. Kd2 b5 23. b4 axb4 24. Rxb4 Ra8 25. Rxb5 Rxa2+ 26. Kd3 Ra3+ 27. Kd2 Ra2+ 1/2-1/2

[Event "SVK ECo-C Extraliga 2018-19"]
[Site "Slovakia"]
[Date "2018.11.11"]
[Round "2"]
[White "Manik, Mikulas"]
[Black "Petrik, Tomas"]
[Result "1/2-1/2"]
[ECO "C18"]
[WhiteElo "2404"]
[BlackElo "2476"]
[Annotator "ChessBase"]
[PlyCount "41"]
[EventDate "2018.11.10"]
[EventType "team-tourn"]
[EventCountry "SVK"]
[SourceTitle "playchess.com"]
[Source "ChessBase"]
[SourceQuality "1"]
[WhiteTeam "Prakovce"]
[BlackTeam "Zilina"]
[TimeControl "40/5400+30:1800+30"]

1. e4 e6 2. d4 d5 3. Nc3 Bb4 4. e5 Ne7 5. a3 Bxc3+ 6. bxc3 c5 7. Qg4 Qc7 8. Qxg7 Rg8 9. Qxh7 cxd4 10. Ne2 Nbc6 11. f4 dxc3 12. h4 Bd7 13. h5 O-O-O 14. Qd3 d4 15. h6 Rg6 16. h7 Rh8 17. Nxd4 Nxd4 18. Qxd4 Bc6 19. Kf2 Qa5 20. Be3 Rg7 21. Qxa7 1/2-1/2

[Event "SVK ECo-C Extraliga 2018-19"]
[Site "Slovakia"]
[Date "2018.11.11"]
[Round "2"]
[White "Grubisic, Ilija"]
[Black "Kourousis, Epaminondas"]
[Result "1/2-1/2"]
[ECO "B22"]
[WhiteElo "2370"]
[BlackElo "2391"]
[Annotator "NA"]
[PlyCount "44"]
[EventDate "2018.11.10"]
[EventType "team-tourn"]
[EventCountry "SVK"]
[SourceTitle "playchess.com"]
[Source "ChessBase"]
[SourceQuality "1"]
[WhiteTeam "Slovan"]
[BlackTeam "Komarno"]
[TimeControl "40/5400+30:1800+30"]

1. e4 c5 2. c3 Nf6 3. e5 Nd5 4. Nf3 e6 5. d4 cxd4 6. cxd4 d6 7. Bc4 Nc6 8. O-O Be7 9. Qe2 O-O 10. Rd1 b6 11. Qe4 Bb7 12. Qg4 dxe5 13. Bxd5 exd5 14. dxe5 Qc8 15. Qxc8 Raxc8 16. Nc3 Rfd8 17. Nxd5 Bc5 18. Bg5 Re8 19. Bf4 Red8 20. Bg5 Re8 21. Bf4 Red8 22. Bg5 Re8 1/2-1/2

[Event "SVK ECo-C Extraliga 2018-19"]
[Site "Slovakia"]
[Date "2018.11.11"]
[Round "2"]
[White "Jacko, Vladimir"]
[Black "Nayhebaver, Martin"]
[Result "1-0"]
[ECO "E12"]
[WhiteElo "2330"]
[BlackElo "2462"]
[Annotator "ChessBase"]
[PlyCount "85"]
[EventDate "2018.11.10"]
[EventType "team-tourn"]
[EventCountry "SVK"]
[SourceTitle "playchess.com"]
[Source "ChessBase"]
[SourceQuality "1"]
[WhiteTeam "Prakovce"]
[BlackTeam "Zilina"]
[TimeControl "40/5400+30:1800+30"]

1. d4 Nf6 2. c4 e6 3. Nf3 b6 4. Bg5 Bb7 5. Nbd2 c5 6. e3 h6 7. Bh4 Nc6 8. d5 exd5 9. cxd5 Nb4 10. e4 g5 11. Bg3 Qe7 12. Ne5 Bg7 13. d6 Qd8 14. a3 Nc6 15. Nec4 Nd4 16. Bd3 b5 17. Ne3 Qb6 18. O-O O-O-O 19. a4 a6 20. axb5 axb5 21. Nc2 Nc6 22. Re1 c4 23. Bf1 h5 24. h3 h4 25. Bh2 Nh5 26. Ne3 Be5 27. Bxc4 Bxh2+ 28. Kxh2 bxc4 29. Ndxc4 Qb5 30. Ra3 Qc5 31. Rc3 Nf4 32. Qa4 Kb8 33. Ra1 Qa7 34. Qd1 Qd4 35. Qc2 Rhe8 36. Rb3 Nd3 37. Qxd3 Qxd3 38. Rxd3 Rxe4 39. Rb3 Nd4 40. Rb6 Nc2 41. Raa6 Kc8 42. Ra7 Nxe3 43. Nxe3 1-0

[Event "SVK ECo-C Extraliga 2018-19"]
[Site "Slovakia"]
[Date "2018.11.11"]
[Round "2"]
[White "Zvarik, Martin"]
[Black "Zambor, Norbert"]
[Result "0-1"]
[ECO "A45"]
[WhiteElo "2329"]
[BlackElo "2253"]
[Annotator "NA"]
[PlyCount "70"]
[EventDate "2018.11.10"]
[EventType "team-tourn"]
[EventCountry "SVK"]
[SourceTitle "playchess.com"]
[Source "ChessBase"]
[SourceQuality "1"]
[WhiteTeam "Zilina"]
[BlackTeam "Prakovce"]
[TimeControl "40/5400+30:1800+30"]

1. d4 Nf6 2. Bg5 e6 3. Nd2 c5 4. e3 d5 5. c3 Nc6 6. Bd3 e5 7. dxc5 Bxc5 8. b4 Be7 9. Ne2 Be6 10. a3 Rc8 11. Rc1 a5 12. O-O O-O 13. Bb1 h6 14. Bh4 Re8 15. Kh1 axb4 16. cxb4 Ra8 17. Qb3 d4 18. Qb2 dxe3 19. fxe3 Ng4 20. Bxe7 Qxe7 21. Rf3 Qh4 22. Nf1 Bd5 23. Rg3 Nf2+ 24. Kg1 Ne4 25. Bxe4 Bxe4 26. Rc4 b5 27. Rc5 Qf6 28. Nd2 Bd3 29. Nf4 Nd4 30. exd4 exf4 31. Rxd3 Re2 32. Rf3 Rae8 33. Re5 R8xe5 34. dxe5 Qg6 35. Rf2 Qb6 0-1

[Event "SVK ECo-C Extraliga 2018-19"]
[Site "Slovakia"]
[Date "2018.11.11"]
[Round "2"]
[White "Vass, Frantisek"]
[Black "Czebe, Attila"]
[Result "0-1"]
[ECO "A48"]
[WhiteElo "2324"]
[BlackElo "2401"]
[Annotator "NA"]
[PlyCount "106"]
[EventDate "2018.11.10"]
[EventType "team-tourn"]
[EventCountry "SVK"]
[SourceTitle "playchess.com"]
[Source "ChessBase"]
[SourceQuality "1"]
[WhiteTeam "Podhajska"]
[BlackTeam "Streda"]
[TimeControl "40/5400+30:1800+30"]

1. d4 Nf6 2. Nf3 g6 3. c4 d6 4. Nc3 Bf5 5. Qb3 b6 6. h3 Bg7 7. g4 Bd7 8. Bg2 Nc6 9. Qc2 a6 10. Bg5 h5 11. gxh5 Nxh5 12. Qd2 Qb8 13. b3 b5 14. Rc1 bxc4 15. bxc4 Ra7 16. Nd5 Rb7 17. Qe3 O-O 18. O-O Re8 19. Nf4 Nxf4 20. Qxf4 e5 21. dxe5 dxe5 22. Qe4 Rb6 23. c5 Rb4 24. Qd5 Qc8 25. Kh2 e4 26. Ng1 Bd4 27. Bf4 Ne7 28. Qxe4 Bc6 29. Qd3 Bxg2 30. Kxg2 Qe6 31. a3 Ra4 32. Rc2 Nf5 33. Nf3 Bxf2 34. Rxf2 Rxf4 35. Kh2 Qe3 36. Qxe3 Rxe3 37. Ra2 Rc3 38. Rf1 Rxc5 39. Rd1 Re4 40. Rd7 Nd6 41. Kg2 Kf8 42. Rd8+ Ke7 43. Ra8 Ra4 44. Ne1 a5 45. Nd3 Rg5+ 46. Kf3 Rh4 47. Nf2 Nf5 48. e4 Rg3+ 49. Ke2 Nd4+ 50. Kf1 Rh5 51. Rd2 Ne6 52. Rd5 Rxa3 53. Ra7 Ra1+ 0-1

[Event "SVK ECo-C Extraliga 2018-19"]
[Site "Slovakia"]
[Date "2018.11.11"]
[Round "2"]
[White "Vojtek, Vladimir"]
[Black "Schwarz, Dusan"]
[Result "1/2-1/2"]
[ECO "D04"]
[WhiteElo "2316"]
[BlackElo "2313"]
[Annotator "NA"]
[PlyCount "86"]
[EventDate "2018.11.10"]
[EventType "team-tourn"]
[EventCountry "SVK"]
[SourceTitle "playchess.com"]
[Source "ChessBase"]
[SourceQuality "1"]
[WhiteTeam "Dubnica"]
[BlackTeam "Modra"]
[TimeControl "40/5400+30:1800+30"]

1. d4 d5 2. Nf3 Nf6 3. e3 c5 4. c4 e6 5. Nc3 Nc6 6. a3 a6 7. dxc5 Bxc5 8. b4 Bd6 9. Bb2 O-O 10. cxd5 exd5 11. Be2 Re8 12. O-O Bc7 $14 13. b5 Ne5 14. Nxe5 Bxe5 15. Na4 Bxb2 16. Nxb2 Bd7 17. bxa6 bxa6 18. Bf3 Qb6 19. Nd3 Rad8 20. Rb1 Qd6 21. Nb4 Bb5 22. Re1 d4 23. a4 Bd7 24. Qxd4 Qxd4 25. exd4 Rxe1+ 26. Rxe1 Bxa4 27. d5 Bb3 28. g4 h6 29. h4 g6 30. Rb1 Bc4 31. Rc1 Bb5 32. Rc7 Rd7 33. Rc8+ Kg7 34. Ra8 Bc4 35. Kg2 Rd6 36. Ra7 g5 37. hxg5 hxg5 38. Kg3 Rd7 39. Ra8 Rd6 40. Ra7 Rd7 41. Ra8 Rb7 42. Nc2 Bxd5 43. Rxa6 Bxf3 1/2-1/2

[Event "SVK ECo-C Extraliga 2018-19"]
[Site "Slovakia"]
[Date "2018.11.11"]
[Round "2"]
[White "Jancovic, Peter"]
[Black "Janko, Zoltan"]
[Result "0-1"]
[ECO "A48"]
[WhiteElo "2299"]
[BlackElo "2247"]
[Annotator "NA"]
[PlyCount "106"]
[EventDate "2018.11.10"]
[EventType "team-tourn"]
[EventCountry "SVK"]
[SourceTitle "playchess.com"]
[Source "ChessBase"]
[SourceQuality "1"]
[WhiteTeam "Slovan"]
[BlackTeam "Komarno"]
[TimeControl "40/5400+30:1800+30"]

1. d4 Nf6 2. Nf3 g6 3. Bf4 Bg7 4. h3 b6 5. e3 Bb7 6. Bd3 c5 7. O-O O-O 8. Nbd2 d6 9. c3 Nbd7 10. Bh2 e5 11. dxe5 Nxe5 12. Be2 Nxf3+ 13. Bxf3 d5 14. Nc4 Ba6 15. Nd6 Bxf1 16. Kxf1 Qe7 17. Bxd5 Rad8 18. Bc6 Qc7 19. Bd5 Qe7 20. Bc6 Ne8 21. Bxe8 Rfxe8 22. Qa4 Rf8 23. Qf4 Rd7 24. a4 Rfd8 25. Nc4 Qe6 26. Ke1 g5 27. Qg4 f5 28. Qe2 Rd3 29. Na3 Be5 30. Bxe5 Qxe5 31. Qh5 f4 32. Nc2 fxe3 33. Nxe3 Rxe3+ 34. fxe3 Qxe3+ 35. Qe2 Qg3+ 36. Kf1 Qf4+ 37. Kg1 Rd2 38. Qe8+ Qf8 39. Qe3 Qf4 40. Qe8+ Qf8 41. Re1 Qxe8 42. Rxe8+ Kf7 43. Ra8 a5 44. b4 axb4 45. cxb4 cxb4 46. Rb8 Rd6 47. Kh2 b3 48. a5 b2 49. a6 b1=Q 50. a7 Qe4 51. a8=Q Qf4+ 52. g3 Rd2+ 53. Kh1 Qf1# 0-1

[Event "SVK ECo-C Extraliga 2018-19"]
[Site "Slovakia"]
[Date "2018.11.11"]
[Round "2"]
[White "Kukel, Imre"]
[Black "Castiglione, Mario"]
[Result "0-1"]
[ECO "B90"]
[WhiteElo "2295"]
[BlackElo "2239"]
[Annotator "NA"]
[PlyCount "76"]
[EventDate "2018.11.10"]
[EventType "team-tourn"]
[EventCountry "SVK"]
[SourceTitle "playchess.com"]
[Source "ChessBase"]
[SourceQuality "1"]
[WhiteTeam "Komarno"]
[BlackTeam "Slovan"]
[TimeControl "40/5400+30:1800+30"]

1. e4 c5 2. Nf3 d6 3. d4 cxd4 4. Nxd4 Nf6 5. Nc3 a6 6. Be3 Ng4 7. Bc1 Nf6 8. f3 e6 9. Be3 Qb6 10. Qd3 Qxb2 11. Nb3 Qa3 12. Be2 Nc6 13. O-O Bd7 14. g4 Nb4 15. Qd2 Qb2 16. g5 Ng8 17. Rfc1 Rc8 18. Bd4 e5 19. Nd1 Qa3 20. Bb2 Qa4 21. Ne3 h6 22. a3 Nc6 23. Nd5 Nce7 24. Nb6 Qc6 25. Nxc8 Qxc8 26. Qxd6 Ng6 27. Qd2 Bc5+ 28. Kh1 hxg5 29. Qxg5 Be7 30. Qd2 Bc6 31. Bf1 Rh5 32. Re1 Bg5 33. Qd6 Bf4 34. Re2 Nf6 35. Rd1 Ng4 36. fxg4 Bxe4+ 37. Rxe4 Rxh2+ 38. Kg1 Qxg4+ 0-1

[Event "SVK ECo-C Extraliga 2018-19"]
[Site "Slovakia"]
[Date "2018.11.11"]
[Round "2"]
[White "Jakab, Bela"]
[Black "Briestensky, Rastislav"]
[Result "1/2-1/2"]
[ECO "B15"]
[WhiteElo "2290"]
[BlackElo "2331"]
[Annotator "NA"]
[PlyCount "93"]
[EventDate "2018.11.10"]
[EventType "team-tourn"]
[EventCountry "SVK"]
[SourceTitle "playchess.com"]
[Source "ChessBase"]
[SourceQuality "1"]
[WhiteTeam "Komarno"]
[BlackTeam "Slovan"]
[TimeControl "40/5400+30:1800+30"]

1. e4 c6 2. d4 d5 3. Nc3 dxe4 4. Nxe4 Nf6 5. Nxf6+ exf6 6. Nf3 Be7 7. h3 O-O 8. Bd3 Be6 9. O-O Qd6 10. Re1 Bd8 $16 11. c4 Bc7 12. Qc2 g6 13. Bh6 Rc8 14. Rad1 Nd7 15. c5 Qd5 16. Rxe6 fxe6 17. Bxg6 f5 18. Bh5 Nf6 19. Qc1 Nxh5 20. Qg5+ Kh8 21. Qxh5 Rg8 22. Qf7 Bd8 23. Re1 Qxf3 24. Qxg8+ Kxg8 25. gxf3 Kf7 26. Be3 Bf6 27. f4 Rd8 28. Rd1 Ke7 29. Kf1 b6 30. Rc1 Kd7 31. Ke2 Rb8 32. b3 Kc7 33. Kd3 Rd8 34. b4 b5 35. a4 bxa4 36. Ra1 Kb7 37. Rxa4 Rg8 38. Ra1 a6 39. Ke2 Ra8 40. Rg1 Kc7 41. Kd3 Rd8 42. Kc4 Kb7 43. Rg3 Kc7 44. Rg1 Kb7 45. Rg3 Kc7 46. Rg1 Kb7 47. Rg3 1/2-1/2

[Event "SVK ECo-C Extraliga 2018-19"]
[Site "Slovakia"]
[Date "2018.11.11"]
[Round "2"]
[White "Takacs, Laszlo"]
[Black "Maslikova, Veronika"]
[Result "1-0"]
[ECO "B53"]
[WhiteElo "2275"]
[BlackElo "2249"]
[Annotator "NA"]
[PlyCount "67"]
[EventDate "2018.11.10"]
[EventType "team-tourn"]
[EventCountry "SVK"]
[SourceTitle "playchess.com"]
[Source "ChessBase"]
[SourceQuality "1"]
[WhiteTeam "Streda"]
[BlackTeam "Podhajska"]
[TimeControl "40/5400+30:1800+30"]

1. e4 c5 2. Nf3 d6 3. d4 cxd4 4. Qxd4 Nc6 5. Bb5 Bd7 6. Bxc6 Bxc6 7. c4 Nf6 8. Nc3 g6 9. Be3 Bg7 10. h3 O-O 11. Qd3 a6 12. Nd4 Rc8 13. O-O Qc7 14. Rfc1 Qb8 15. Rab1 Nd7 16. b4 b6 17. Nd5 Rfe8 18. Bg5 Bf8 19. Qe3 Ba8 20. f3 Bb7 21. Qf2 Ba8 22. Qh4 Bxd5 23. cxd5 b5 24. Nc6 Qb6+ 25. Kh1 f6 26. Qg4 Rc7 27. Qe6+ Kg7 28. Bf4 Rec8 29. Nxe7 Bxe7 30. Qxe7+ Kg8 31. Rxc7 Qxc7 32. Rc1 Qb7 33. Rxc8+ Qxc8 34. Bh6 1-0

[Event "SVK ECo-C Extraliga 2018-19"]
[Site "Slovakia"]
[Date "2018.11.11"]
[Round "2"]
[White "Haring, Filip"]
[Black "Krak, Tomas"]
[Result "1/2-1/2"]
[ECO "B35"]
[WhiteElo "2258"]
[BlackElo "2284"]
[Annotator "NA"]
[PlyCount "155"]
[EventDate "2018.11.10"]
[EventType "team-tourn"]
[EventCountry "SVK"]
[SourceTitle "playchess.com"]
[Source "ChessBase"]
[SourceQuality "1"]
[WhiteTeam "Liptovska"]
[BlackTeam "Snina"]
[TimeControl "40/5400+30:1800+30"]

1. e4 c5 2. Nf3 Nc6 3. d4 cxd4 4. Nxd4 g6 5. Nc3 Bg7 6. Be3 Nf6 7. Bc4 O-O 8. Bb3 d6 9. f3 Bd7 10. Qd2 Na5 11. O-O-O {[%emt 0:03:11] LiveBook: 86 Games} Nxb3+ 12. cxb3 Qb8 13. g4 b5 14. g5 b4 15. gxf6 bxc3 16. bxc3 Bxf6 17. h4 Rc8 18. h5 Qc7 {[%emt 0:02:03] [#]} ({Besser ist} 18... Qb4 $14) 19. c4 $1 Rab8 $16 20. Rdg1 e5 21. hxg6 hxg6 22. Qh2 exd4 23. Rxg6+ fxg6 24. Qh7+ Kf8 25. Bh6+ Ke8 26. Qxg6+ Ke7 27. Bg5 Rf8 28. Bxf6+ Rxf6 29. Rh7+ Kd8 30. Qxf6+ Kc8 31. Qxd4 Qb6 32. Qd2 Qc5 33. f4 Kc7 34. e5 Rg8 35. Kb2 Rg6 36. Re7 Kc8 37. f5 Bxf5 38. exd6 Rxd6 39. Qf4 Rd1 40. Re8+ Kd7 41. Re5 Rb1+ 42. Kc3 Rc1+ 43. Kd2 Rc2+ 44. Kd1 Qg1+ 45. Re1 Qf2 46. Qxf2 Rxf2 47. Re5 Bg4+ 48. Kc1 Rxa2 49. b4 Ra4 50. Ra5 Rxb4 51. Rxa7+ Kd6 52. Kd2 Rxc4 53. Kd3 Rc6 54. Rg7 Be6 55. Rg5 Rc7 56. Kd4 Rc4+ 57. Ke3 Bd5 58. Rg6+ Kc5 59. Rg5 Re4+ 60. Kd3 Rf4 61. Re5 Ra4 62. Ke3 Ra3+ 63. Kf4 Kd4 64. Re8 Rf3+ 65. Kg4 Rf7 66. Kg5 Be4 67. Kg4 Ke3 68. Rg8 Rf2 69. Rg5 Rf8 70. Rg7 Rf1 71. Rg5 Kd4 72. Kh4 Bf5 73. Rg3 Ke4 74. Kg5 Ke5 75. Re3+ Be4 76. Rg3 Rf2 77. Rg4 Rh2 78. Rg3 1/2-1/2